AoeStats
← Navix de los Bosques de Lituania

Fortress

507626142Analyzed
2v2 RM · 12d ago on Sep 19, 2026· 29m 58s· 4 players
Game mode
Random Map
Map size
Normal (6 player)
Population
200
Speed
Normal
Resources
Standard
Victory
Conquest
Starting age
Dark Age
Ending age
Imperial Age
RankedLock teamsTeams togetherTeam positionsShared explorationLock speedFull tech treeHidden civsTurbo modeCheats
Victory
Defeat
🇨🇱 Turks · Chile
755
+15
🇨🇱 Bohemians · Chile
738
+15
730
-15
🇦🇺 Bohemians · Australia
723
-15
Navix de los Bosques de Lituania
2:02 Loom
7:25 Feudal Age
8:46 Double-Bit Axe
8:55 Gold Mining
10:33 Scale Mail Armor
10:43 Forging
11:26 Man-at-Arms
11:53 Arson
11:34 Pikeman
12:54 Horse Collar
13:25 Long Swordsman
15:23 Fletching
15:33 Padded Archer Armor
15:46 Padded Archer Armor
THENEYK
8:33 Feudal Age
12:35 Castle Age
11:41 Double-Bit Axe
15:48 Wagenburg Tactics
18:00 Town Watch
pablo.torres
2:14 Loom
6:23 Feudal Age
8:21 Horse Collar
10:33 Double-Bit Axe
15:19 Castle Age
16:37 Bloodlines
16:40 Forging
21:41 Wheelbarrow
26:16 Hand Cart
D I O
7:27 Feudal Age
11:51 Castle Age
10:11 Double-Bit Axe
11:08 Loom
14:07 Chemistry
14:56 Padded Archer Armor
33:02 Imperial Age
Connection lost

Rejoining the realm…

Still unreachable

The connection could not be restored.

Session expired

The server has moved on; the page needs a fresh start.